| TOP OF THE 1ST |
|
San Francisco (APP) Giants batting - Pitching for Missoula Osprey : RHP Alex Andrade
|
|
Pitching: RHP Alex Andrade
|
|
|
Batting: SHB David Barona
|
0-0: Ball 1-0: Foul Ball, location: 2F 1-1: Ball 2-1: Swinging Strike 2-2: SINGLE (Line Drive, 3D, EV 95.6 MPH)
|
|
Batting: RHB Frank Pena
|
0-0: Called Strike 0-1: Ball David Barona steals 2nd, throwing error, E2 David Barona to third 1-1: Ball 2-1: Fly out, F9 (Line Drive, 9, EV 93.8 MPH)
|
|
Pitching: RHP Alan Muth
|
|
|
Batting: RHB Dinand Brouwer
|
0-0: Foul Ball, location: 2F 0-1: Ball 1-1: Swinging Strike 1-2: Ball 2-2: Strikes out swinging
|
|
Batting: RHB Edwin Verdugo
|
0-0: Ball Wild Pitch! David Barona scores 1-0: SINGLE (Groundball, 5S, EV 68.1 MPH) (infield hit)
|
|
Batting: RHB Bill Defazio
|
0-0: Called Strike Edwin Verdugo steals 2nd base 0-1: Ball 1-1: Called Strike 1-2: Foul Ball, location: 2F 1-2: Fly out, F9 (Flyball, 9S, EV 95.0 MPH)
|
| Top of the 1st over - 1 run, 2 hits, 1 error, 1 left on base; San Francisco (APP) 1 - Missoula 0 |
| BOTTOM OF THE 1ST |
|
Missoula Osprey batting - Pitching for San Francisco (APP) Giants : RHP Sanya Mikushevich
|
|
Pitching: RHP Sanya Mikushevich
|
|
|
Batting: SHB Roger Holmes
|
0-0: Swinging Strike 0-1: Ball 1-1: Ball 2-1: Swinging Strike 2-2: Ball 3-2: Base on Balls
|
|
Batting: RHB Nate Spencer
|
0-0: Fielders Choice at 2nd, 4-6 (Groundball, 4, EV 91.2 MPH)
|
|
Batting: SHB Evan Armagost
|
0-0: Called Strike 0-1: Ball Wild Pitch! Nate Spencer to second 1-1: Called Strike 1-2: Strikes out swinging
|
|
Batting: RHB Antonio Luisa
|
0-0: Fly out, F6 (Line Drive, 6, EV 72.5 MPH)
|
| Bottom of the 1st over - 0 runs, 0 hits, 0 errors, 1 left on base; San Francisco (APP) 1 - Missoula 0 |
| TOP OF THE 2ND |
|
San Francisco (APP) Giants batting - Pitching for Missoula Osprey : RHP Alan Muth
|
|
Batting: RHB Teruhide Horiuchi
|
0-0: Swinging Strike 0-1: Ball 1-1: Foul Ball, location: 2F 1-2: SINGLE (Groundball, 6MD, EV 106.2 MPH)
|
|
Batting: RHB Pedro Quezada
|
0-0: Ball 1-0: Foul Ball, location: 2F 1-1: Foul Ball, location: 2F 1-2: DOUBLE (Line Drive, 89XD, EV 98.1 MPH) Teruhide Horiuchi to third
|
|
Batting: RHB Jeremy Bailey
|
0-0: Swinging Strike 0-1: Ball 1-1: Ball 2-1: Called Strike 2-2: Strikes out looking
|
|
Batting: RHB Bob Schweiger
|
0-0: Ball 1-0: Ball 2-0: Called Strike 2-1: Ball 3-1: Base on Balls
|
|
Batting: SHB David Barona
|
0-0: Ball 1-0: Ball 2-0: Called Strike 2-1: Foul Ball, location: 2F 2-2: Ball 3-2: Base on Balls Teruhide Horiuchi scores Pedro Quezada to third Bob Schweiger to second
|
|
Batting: RHB Frank Pena
|
0-0: Ball 1-0: Ball 2-0: Called Strike 2-1: Ball Wild Pitch! Pedro Quezada scores Bob Schweiger to third David Barona to second 3-1: Foul Ball, location: 2F 3-2: Base on Balls
|
|
Batting: RHB Dinand Brouwer
|
0-0: Ball 1-0: Ball 2-0: Ball Passed Ball! Bob Schweiger scores David Barona to third Frank Pena to second 3-0: Called Strike 3-1: SINGLE (Groundball, 13S, EV 70.6 MPH) (infield hit)
|
|
Pitching: RHP John Petersen
|
|
|
Batting: RHB Edwin Verdugo
|
0-0: Grounds into double play, 6-4-3 (Groundball, 6, EV 103.1 MPH)
|
| Top of the 2nd over - 3 runs, 3 hits, 0 errors, 2 left on base; San Francisco (APP) 4 - Missoula 0 |
| BOTTOM OF THE 2ND |
|
Missoula Osprey batting - Pitching for San Francisco (APP) Giants : RHP Sanya Mikushevich
|
|
Batting: LHB Enrique Ponce
|
0-0: Swinging Strike 0-1: Foul Ball, location: 2F 0-2: Ball 1-2: Strikes out looking
|
|
Batting: LHB Omar Marquez
|
0-0: Ball 1-0: Ball 2-0: Foul Ball, location: 2F 2-1: Ball 3-1: Swinging Strike 3-2: Ground out 5-3 (Groundball, 56, EV 86.2 MPH)
|
|
Batting: SHB Lee Dillon
|
0-0: Reached on error, E5 (Groundball, 56, EV 98.1 MPH)
|
|
Batting: LHB Tae-geun Kwang
|
0-0: Ball 1-0: Ball 2-0: Foul Ball, location: 2F 2-1: Swinging Strike 2-2: Foul Ball, location: 2F 2-2: Foul Ball, location: 2F 2-2: Ball 3-2: Ground out 4-3 (Groundball, 34, EV 96.2 MPH)
|
| Bottom of the 2nd over - 0 runs, 0 hits, 1 error, 1 left on base; San Francisco (APP) 4 - Missoula 0 |
| TOP OF THE 3RD |
|
San Francisco (APP) Giants batting - Pitching for Missoula Osprey : RHP John Petersen
|
|
Batting: RHB Bill Defazio
|
0-0: Foul Ball, location: 2F 0-1: Ground out 5-3 (Groundball, 56, EV 88.1 MPH)
|
|
Batting: RHB Teruhide Horiuchi
|
0-0: Called Strike 0-1: Ball 1-1: Ball 2-1: Reached on error, E2 (Groundball, 2L, EV 73.1 MPH)
|
|
Batting: RHB Pedro Quezada
|
0-0: Foul Ball, location: 2F 0-1: Called Strike 0-2: Strikes out looking
|
|
Batting: RHB Jeremy Bailey
|
0-0: Called Strike 0-1: Ball 1-1: Swinging Strike 1-2: Ball 2-2: Strikes out looking
|
| Top of the 3rd over - 0 runs, 0 hits, 1 error, 1 left on base; San Francisco (APP) 4 - Missoula 0 |
| BOTTOM OF THE 3RD |
|
Missoula Osprey batting - Pitching for San Francisco (APP) Giants : RHP Sanya Mikushevich
|
|
Batting: RHB Zach Espinosa
|
0-0: Ball 1-0: Swinging Strike 1-1: Ball 2-1: Foul Ball, location: 2F 2-2: Ball 3-2: Fly out, F9 (Flyball, 89D, EV 82.5 MPH)
|
|
Batting: SHB Roger Holmes
|
0-0: SOLO HOME RUN (Flyball, 9D, EV 96.9 MPH), Distance : 361 ft
|
|
Batting: RHB Nate Spencer
|
0-0: SINGLE (Groundball, 4M, EV 104.4 MPH) (infield hit)
|
|
Batting: SHB Evan Armagost
|
0-0: Ball 1-0: Ball 2-0: Called Strike 2-1: Ball 3-1: Foul Ball, location: 2F 3-2: Fly out, F3 (Line Drive, 3, EV 67.5 MPH)
|
|
Batting: RHB Antonio Luisa
|
0-0: Ball 1-0: Ball 2-0: Foul Ball, location: 2F 2-1: Ground out 5-3 (Groundball, 5, EV 99.4 MPH)
|
| Bottom of the 3rd over - 1 run, 2 hits, 0 errors, 1 left on base; San Francisco (APP) 4 - Missoula 1 |
| TOP OF THE 4TH |
|
San Francisco (APP) Giants batting - Pitching for Missoula Osprey : RHP John Petersen
|
|
Batting: RHB Bob Schweiger
|
0-0: Called Strike 0-1: Ball 1-1: Ball 2-1: Ball 3-1: Swinging Strike 3-2: Strikes out swinging
|
|
Batting: SHB David Barona
|
0-0: Ball 1-0: SINGLE (Groundball, 4M, EV 104.4 MPH) (infield hit)
|
|
Batting: RHB Frank Pena
|
0-0: Ball 1-0: Called Strike 1-1: Ball 2-1: Called Strike 2-2: Ball 3-2: Ground out 6-3 (Groundball, 6, EV 109.4 MPH) David Barona to second
|
|
Batting: RHB Dinand Brouwer
|
0-0: Fly out, F8 (Flyball, 8RM, EV 96.9 MPH)
|
| Top of the 4th over - 0 runs, 1 hit, 0 errors, 1 left on base; San Francisco (APP) 4 - Missoula 1 |
| BOTTOM OF THE 4TH |
|
Missoula Osprey batting - Pitching for San Francisco (APP) Giants : RHP Sanya Mikushevich
|
|
Batting: LHB Enrique Ponce
|
0-0: Called Strike 0-1: Ball 1-1: Called Strike 1-2: Strikes out looking
|
|
Batting: LHB Omar Marquez
|
0-0: Ball 1-0: Ball 2-0: Fly out, F6 (Line Drive, 6, EV 68.1 MPH)
|
|
Batting: SHB Lee Dillon
|
0-0: Fly out, F7 (Flyball, 78S, EV 91.2 MPH)
|
| Bottom of the 4th over - 0 runs, 0 hits, 0 errors, 0 left on base; San Francisco (APP) 4 - Missoula 1 |
| TOP OF THE 5TH |
|
San Francisco (APP) Giants batting - Pitching for Missoula Osprey : RHP John Petersen
|
|
Batting: RHB Edwin Verdugo
|
0-0: Foul Ball, location: 2F 0-1: Swinging Strike 0-2: Ball 1-2: Ball 2-2: Ball 3-2: Base on Balls
|
|
Pitching: LHP Heath Henderson
|
|
|
Batting: RHB Bill Defazio
|
0-0: Ball 1-0: Ball 2-0: Foul Ball, location: 2F 2-1: Foul Ball, location: 2F 2-2: Foul Ball, location: 2F 2-2: Strikes out looking
|
|
Batting: RHB Teruhide Horiuchi
|
0-0: Called Strike Edwin Verdugo is caught stealing 2nd base 2-4 0-1: Ball 1-1: Ball 2-1: SOLO HOME RUN (Flyball, 7D, EV 97.5 MPH), Distance : 362 ft
|
|
Batting: RHB Pedro Quezada
|
0-0: Ground out 6-3 (Groundball, 6M, EV 85.0 MPH)
|
| Top of the 5th over - 1 run, 1 hit, 0 errors, 0 left on base; San Francisco (APP) 5 - Missoula 1 |
| BOTTOM OF THE 5TH |
|
Missoula Osprey batting - Pitching for San Francisco (APP) Giants : RHP Sanya Mikushevich
|
|
Batting: LHB Tae-geun Kwang
|
0-0: Ball 1-0: Ground out 1-3 (Groundball, 15S, EV 66.9 MPH)
|
|
Batting: RHB Zach Espinosa
|
0-0: Ball 1-0: Called Strike 1-1: Foul Ball, location: 2F 1-2: Foul Ball, location: 2F 1-2: Ball 2-2: Strikes out swinging
|
|
Batting: SHB Roger Holmes
|
0-0: Called Strike 0-1: Swinging Strike 0-2: Ground out 1-3 (Groundball, 13S, EV 76.2 MPH)
|
| Bottom of the 5th over - 0 runs, 0 hits, 0 errors, 0 left on base; San Francisco (APP) 5 - Missoula 1 |
| TOP OF THE 6TH |
|
San Francisco (APP) Giants batting - Pitching for Missoula Osprey : LHP Heath Henderson
|
|
Batting: RHB Jeremy Bailey
|
0-0: Foul Ball, location: 2F 0-1: Foul Ball, location: 2F 0-2: Ball 1-2: Foul Ball, location: 2F 1-2: Foul Ball, location: 2F 1-2: Ball 2-2: Foul Ball, location: 2F 2-2: SINGLE (Groundball, 6MD, EV 98.1 MPH)
|
|
Batting: RHB Bob Schweiger
|
0-0: Called Strike 0-1: Foul Ball, location: 2F 0-2: Ball 1-2: Foul Ball, location: 2F 1-2: Ball 2-2: Ball 3-2: Grounds into double play, 5-4-3 (Groundball, 15, EV 86.2 MPH)
|
|
Batting: SHB David Barona
|
0-0: Called Strike 0-1: Ball 1-1: Foul Ball, location: 2F 1-2: Ball 2-2: Ball 3-2: Foul Ball, location: 2F 3-2: Foul Ball, location: 2F 3-2: Strikes out looking
|
| Top of the 6th over - 0 runs, 1 hit, 0 errors, 0 left on base; San Francisco (APP) 5 - Missoula 1 |
| BOTTOM OF THE 6TH |
|
Missoula Osprey batting - Pitching for San Francisco (APP) Giants : RHP Sanya Mikushevich
|
|
Batting: RHB Nate Spencer
|
0-0: Foul Ball, location: 2F 0-1: Ball 1-1: Ground out 3-1 (Groundball, 34S, EV 73.1 MPH)
|
|
Batting: SHB Evan Armagost
|
0-0: Ball 1-0: Called Strike 1-1: Ball 2-1: Ball 3-1: Base on Balls
|
|
Pitching: LHP Gil Longoria
|
|
|
Batting: RHB Antonio Luisa
|
0-0: Foul Ball, location: 2F 0-1: Foul Ball, location: 2F 0-2: Ball 1-2: Ball Wild Pitch! Evan Armagost to second 2-2: SINGLE (Line Drive, 8LS, EV 85.6 MPH) Evan Armagost to third
|
|
Batting: LHB Enrique Ponce
|
0-0: Called Strike 0-1: Swinging Strike 0-2: Ball 1-2: Ball 2-2: Ball 3-2: Strikes out swinging
|
|
Batting: LHB Omar Marquez
|
0-0: Ball 1-0: Fly out, F9 (Flyball, 9LS, EV 86.9 MPH)
|
| Bottom of the 6th over - 0 runs, 1 hit, 0 errors, 2 left on base; San Francisco (APP) 5 - Missoula 1 |
| TOP OF THE 7TH |
|
San Francisco (APP) Giants batting - Pitching for Missoula Osprey : LHP Heath Henderson
|
|
Pitching: RHP Rick Foster
|
|
|
Batting: RHB Frank Pena
|
0-0: Ball 1-0: Called Strike 1-1: Foul Ball, location: 2F 1-2: Ball 2-2: Fly out, F9 (Line Drive, 9, EV 100.0 MPH)
|
|
Batting: RHB Dinand Brouwer
|
0-0: Ball 1-0: Swinging Strike 1-1: Foul Ball, location: 2F 1-2: Ball 2-2: Ball 3-2: Base on Balls
|
|
Batting: RHB Edwin Verdugo
|
0-0: SINGLE (Groundball, 6MS, EV 67.5 MPH) (infield hit) Dinand Brouwer to second
|
|
Batting: RHB Bill Defazio
|
0-0: Ball 1-0: Grounds into double play, 5-4-3 (Groundball, 56S, EV 78.8 MPH)
|
| Top of the 7th over - 0 runs, 1 hit, 0 errors, 1 left on base; San Francisco (APP) 5 - Missoula 1 |
| BOTTOM OF THE 7TH |
|
Missoula Osprey batting - Pitching for San Francisco (APP) Giants : LHP Gil Longoria
|
|
Pitching: RHP Corey Cauley
|
|
|
Batting: SHB Lee Dillon
|
0-0: Hit by Pitch
|
|
Batting: LHB Tae-geun Kwang
|
0-0: Swinging Strike 0-1: DOUBLE (Line Drive, 89D, EV 104.4 MPH) Lee Dillon to third Runner from 3rd tries for Home, SAFE, throw by RF to trailing runner, OUT at third! 9-3-5
|
|
Batting: RHB Zach Espinosa
|
0-0: Ball 1-0: Foul Ball, location: 2F 1-1: Foul Ball, location: 2F 1-2: Strikes out swinging
|
|
Batting: SHB Roger Holmes
|
0-0: Ball 1-0: SINGLE (Groundball, 25, EV 64.4 MPH) (infield hit)
|
|
Batting: RHB Nate Spencer
|
0-0: Ball 1-0: Swinging Strike 1-1: Ball Roger Holmes steals 2nd base 2-1: Foul Ball, location: 2F 2-2: Foul Ball, location: 2F 2-2: Ball 3-2: Fly out, F8 (Flyball, 8LD, EV 101.9 MPH)
|
| Bottom of the 7th over - 1 run, 2 hits, 0 errors, 1 left on base; San Francisco (APP) 5 - Missoula 2 |
| TOP OF THE 8TH |
|
San Francisco (APP) Giants batting - Pitching for Missoula Osprey : RHP Rick Foster
|
|
Batting: RHB Teruhide Horiuchi
|
0-0: Called Strike 0-1: Ball 1-1: TRIPLE (Flyball, 9LD, EV 95.0 MPH)
|
|
Batting: RHB Pedro Quezada
|
0-0: Ball 1-0: Ground out 4-3 (Groundball, 4S, EV 90.6 MPH) Teruhide Horiuchi scores
|
|
Batting: RHB Jeremy Bailey
|
0-0: Ground out 4-3 (Groundball, 4, EV 78.1 MPH)
|
|
Batting: RHB Bob Schweiger
|
0-0: Ball 1-0: Foul Ball, location: 2F 1-1: Ball 2-1: Ball 3-1: Base on Balls
|
|
Batting: SHB David Barona
|
0-0: Ball 1-0: Called Strike 1-1: Ball 2-1: Called Strike 2-2: Foul Ball, location: 2F 2-2: Ground out U3 (Groundball, 3L, EV 105.6 MPH)
|
| Top of the 8th over - 1 run, 1 hit, 0 errors, 1 left on base; San Francisco (APP) 6 - Missoula 2 |
| BOTTOM OF THE 8TH |
|
Missoula Osprey batting - Pitching for San Francisco (APP) Giants : RHP Corey Cauley
|
|
Batting: SHB Evan Armagost
|
0-0: Called Strike 0-1: Called Strike 0-2: Ball 1-2: Ball 2-2: Ball 3-2: Foul Ball, location: 2F 3-2: Base on Balls
|
|
Batting: RHB Antonio Luisa
|
0-0: Hit by Pitch Evan Armagost to second
|
|
Batting: LHB Enrique Ponce
|
0-0: Fly out, F8 (Flyball, 8LD, EV 93.8 MPH)
|
|
Batting: LHB Omar Marquez
|
0-0: Called Strike 0-1: Ball 1-1: Fly out, F5 (Popup, 25F, EV 84.4 MPH)
|
|
Batting: SHB Lee Dillon
|
0-0: Ball 1-0: Ball 2-0: Ball 3-0: Base on Balls Evan Armagost to third Antonio Luisa to second
|
|
Batting: LHB Tae-geun Kwang
|
0-0: Ball 1-0: Ground out U3 (Groundball, 3, EV 90.0 MPH)
|
| Bottom of the 8th over - 0 runs, 0 hits, 0 errors, 3 left on base; San Francisco (APP) 6 - Missoula 2 |
| TOP OF THE 9TH |
|
San Francisco (APP) Giants batting - Pitching for Missoula Osprey : RHP Rick Foster
|
|
Pitching: RHP Tom Alatas
|
|
|
Batting: RHB Frank Pena
|
0-0: Called Strike 0-1: Ground out 5-3 (Groundball, 56S, EV 65.6 MPH)
|
|
Batting: RHB Dinand Brouwer
|
0-0: Swinging Strike 0-1: Swinging Strike 0-2: Hit by Pitch
|
|
Batting: RHB Edwin Verdugo
|
0-0: Ball 1-0: Foul Ball, location: 2F 1-1: Ball 2-1: Swinging Strike 2-2: Ball 3-2: 2-RUN HOME RUN (Flyball, 78XD, EV 103.1 MPH), Distance : 401 ft
|
|
Batting: RHB Bill Defazio
|
0-0: Ball 1-0: Ball 2-0: Called Strike 2-1: Called Strike 2-2: Fly out, F4 (Line Drive, 4, EV 70.6 MPH)
|
|
Batting: RHB Teruhide Horiuchi
|
0-0: Ball 1-0: Ground out 6-3 (Groundball, 6MS, EV 91.2 MPH)
|
| Top of the 9th over - 2 runs, 1 hit, 0 errors, 0 left on base; San Francisco (APP) 8 - Missoula 2 |
| BOTTOM OF THE 9TH |
|
Missoula Osprey batting - Pitching for San Francisco (APP) Giants : RHP Corey Cauley
|
|
Batting: RHB Zach Espinosa
|
0-0: Ball 1-0: Foul Ball, location: 2F 1-1: Swinging Strike 1-2: Strikes out looking
|
|
Batting: SHB Roger Holmes
|
0-0: Foul Ball, location: 2F 0-1: Ball 1-1: Ball 2-1: Ball 3-1: Called Strike 3-2: Base on Balls
|
|
Batting: RHB Nate Spencer
|
0-0: Fielders Choice at 2nd, 5-4 (Groundball, 56, EV 83.1 MPH)
|
|
Batting: SHB Evan Armagost
|
0-0: Ball 1-0: SINGLE (Groundball, 34, EV 98.1 MPH) Nate Spencer to second
|
|
Batting: RHB Antonio Luisa
|
0-0: DOUBLE (Flyball, 8LXD, EV 87.5 MPH) Nate Spencer scores Evan Armagost to third
|
|
Batting: LHB Enrique Ponce
|
0-0: Ball 1-0: Foul Ball, location: 2F 1-1: Called Strike 1-2: Strikes out swinging
|
| Bottom of the 9th over - 1 run, 2 hits, 0 errors, 2 left on base; San Francisco (APP) 8 - Missoula 3 |
|